 Dungeon Crawl Stone Soup version 0.29-a0-817-g9904bce7a6 (webtiles) character file.

Game seed: 10460601069043137510

3278 zeratav the Tainter (level 10, -7/66 HPs)
             Began as an Octopode Venom Mage on July 5, 2022.
             Was an Initiate of Gozag.
             Shot with a sling bullet by Joseph (17 damage)
             ... on level 7 of the Dungeon on July 6, 2022.
             The game lasted 00:27:07 (10105 turns).

zeratav the Tainter (Octopode Venom Mage)          Turns: 10105, Time: 00:27:08

Health: -7/66      AC:  1    Str:  7    XL:     10   Next: 0%
Magic:  5/13       EV: 14    Int: 22    God:    Gozag
Gold:   2117       SH:  0    Dex: 13    Spells: 4/13 levels left

rFire   . . .      SeeInvis .   c - +1 dagger (speed) {short}
rCold   . . .      Faith    .   (no shield)
rNeg    . . .      Spirit   .   (helmet restricted)
rPois   +          Reflect  .   w - amulet of magic regeneration {@e2}
rElec   .          Harm     .   s - ring of poison resistance
rCorr   .          Rampage  .   (no ring)
Will    .....                   (no ring)
Stlth   ++++......              (no ring)
HPRegen 0.21/turn               (no ring)
MPRegen 0.53/turn               (no ring)
                                (no ring)
                                (no ring)

@: radiating poison
A: almost no armour, amphibious, 8 rings, camouflage 1, gelatinous body 1,
(nimble swimmer 1), tentacles
a: Renounce Religion, Potion Petition, Call Merchant, Bribe Branch


You were on level 7 of the Dungeon.
You worshipped Gozag.
Gozag was most pleased with you.
You visited 2 branches of the dungeon, and saw 8 of its levels.
You also visited: Bailey.

You collected 2163 gold pieces.
You paid 46 gold pieces to Gozag.


Innate Abilities, Weirdness & Mutations

You cannot wear most types of armour.
You are amphibious.
You can wear up to eight rings at the same time.
Your skin changes colour to match your surroundings (Stealth+).
Your rubbery body absorbs attacks. (AC +1, EV +1)
((You are camouflaged when in or above water. (Stealth+)))
You have tentacles for arms and can constrict up to eight enemies at once.


   Skills:
 - Level 5.0 Fighting
 - Level 5.0 Dodging
 - Level 5.0 Stealth
 + Level 2.4 Spellcasting
 - Level 5.0 Translocations
 - Level 5.1 Transmutations
 + Level 5.2 Air Magic
 - Level 9.0 Poison Magic


You had 4 spell levels left.
You knew the following spells:

 Your Spells              Type           Power      Damage    Failure   Level
a - Sting                 Tmut/Pois      100%       1d8       1%          1
b - Poisonous Vapours     Pois/Air       68%        N/A       1%          2
c - Olgreb's Toxic Radia  Pois           42%        N/A       3%          4
d - Blink                 Tloc           48%        N/A       2%          2

Your spell library contained the following spells:

 Spells                   Type           Power      Damage    Failure   Level
 Gell's Gravitas          Tloc           24%        N/A       4%          3
 Teleport Other           Tloc           24%        N/A       4%          3
 Mephitic Cloud           Conj/Pois/Air  23%        N/A       5%          3
 Foxfire                  Conj/Fire      8%         2x1d4     13%         1
 Airstrike                Air            12%        0-5+      16%         4
 Confusing Touch          Hex            2%         N/A       36%         3
 Conjure Flame            Conj/Fire      2%         6-21      36%         3
 Inner Flame              Hex/Fire       2%         N/A       36%         3
 Summon Lightning Spire   Summ/Air       14%        N/A       41%         4
 Flame Wave               Conj/Fire      2%         2d4       78%         4
 Manifold Assault         Tloc           24%        N/A       43%         5
 Lightning Bolt           Conj/Air       7%         1d19      77%         5
 Yara's Violent Unravell  Hex/Tmut       6%         3d5       77%         5
 Dispersal                Tloc           12%        N/A       95%         6
 Enfeeble                 Hex            1%         N/A       100%        7
 Malign Gateway           Summ/Tloc      6%         N/A       100%        7
 Storm Form               Tmut/Air       12%        N/A       100%        7
 Summon Horrible Things   Summ           1%         N/A       100%        8

Inventory:

Hand Weapons
 c - a +1 dagger of speed (weapon) {short}
   (You took it off a kobold on level 1 of the Dungeon)
 g - a +1 whip of electrocution {mace}
   (You took it off a gnoll bouda on level 7 of the Dungeon)
 z - a +2 dagger of venom {short}
   (You took it off a goblin on level 4 of the Dungeon)
Jewellery
 f - a ring of ice
   (You found it on level 1 of the Dungeon)
 s - a ring of poison resistance (left tentacle)
   (You found it on level 3 of the Dungeon)
 w - an amulet of magic regeneration (around mantle) {@e2}
   (You found it on level 3 of the Dungeon)
Wands
 r - a wand of iceblast (8)
   (You found it on level 3 of the Dungeon)
 A - a wand of charming (23)
   (You found it on level 4 of the Dungeon)
 C - a wand of polymorph (9)
   (You took it off an orc on level 5 of the Dungeon)
Scrolls
 b - a scroll of fog
 d - a scroll of brand weapon
 h - a scroll of fear
 j - 3 scrolls of teleportation {@r4}
 l - a scroll of poison
 p - 2 scrolls of enchant armour
 t - 3 scrolls of blinking {!r}
 u - 2 scrolls of vulnerability {!r!r}
 v - a scroll of magic mapping {!r}
 x - 2 scrolls of enchant weapon
Potions
 a - a potion of magic
 i - 2 potions of haste {unknown}
 m - 3 potions of attraction {unknown}
 n - a potion of might {unknown}
 o - a potion of berserk rage {unknown}
 q - 2 potions of brilliance {unknown}
 B - a potion of curing {@q1}

Dungeon Overview and Level Annotations

Branches:
Dungeon (7/15) Zot: 25877  Temple (1/1) D:4 Zot: 5771  Bailey (visited)

Altars:
Ashenzari
Cheibriados
Dithmenos
Elyvilon
Fedhas
Gozag
Hepliaklqana
Kikubaaqudgha
Makhleb
Okawaru
Qazlal
Ru
Sif Muna
Trog
Uskayaw
Vehumet
Xom
Yredelemnul
Zin

Annotations:
D:5 2 runed translucent doors, 1 exclusion, zhov's ghost, novice DsHu
D:6 exclusion: wight
D:7 Joseph

##.......# ###.## ###........#
#....# ##......#### #....###
###.......# ##...)..##
..#.......###........##
..).....).)...........##
........[..............###
.)$........#....<.......ยง###
$....$...#......@...........#
....#....##..........##........#
....#.#.##...#.......####......#
....###.###).......### #...###
.#...##.[.)[..##.### #..#
.##..@#...h@#..#.# #.#
.#.....)....#)...# ##
................##
....#.....).###.# ##


You could see Joseph (extremely poisoned) and a howler monkey (poisoned,
catching breath).


Message History

You feel clever.
HP[+4]
You now have 66 max hp (+5).
You regained 4 hp, and now have 50/66 hp.
You start resting.
Your toxic aura wanes.
MP[+1]
You start resting.
HP[+16] MP[+9]
Your hp is fully restored (66).
Your mp is fully restored (13).
You now have 2087 gold pieces (gained 23).
Things that are here:
a +0 shortbow {bow}; a +0 dagger {short} You now have 2106 gold pieces (gained 19).
Things that are here:
a +0 falchion {long}; 3 boomerangs {throwing} You now have 2112 gold pieces (gained 6).
You see here a +0 dagger {short}.
You now have 2117 gold pieces (gained 5).
You see here a +0 spear {polearm}.
Casting: Olgreb's Toxic Radiance (dangerous; 3% risk of failure)
Confirm with . or Enter, or press ? or * to list all spells.
You begin to radiate toxic energy.
Joseph shouts!
Joseph is poisoned.
Joseph looks even sicker.
Joseph shoots a sling bullet.
The sling bullet barely misses you.
You hear a howl!
MP[-4]
You lost 4 mp, and now have 9/13 mp.
Your toxic aura wanes.
MP[+1]
Casting: Olgreb's Toxic Radiance (dangerous; 3% risk of failure)
Confirm with . or Enter, or press ? or * to list all spells.
Aiming: Poisonous Vapours (safe; 1% risk of failure)
Press: ? - help, Dir - move target, f - Joseph
Aim: Joseph, wielding a +0 sling of freezing and wearing a +1 ring mail of willpower (lightly wounded, very poisoned) Poisonous vapours surround Joseph!
Joseph looks as sick as possible!
Joseph shoots a sling bullet.
The sling bullet hits you!! The sling bullet freezes you!
HP[-28] MP[-2]
You take 28 damage, and now have 38/66 hp.
MASSIVE DAMAGE!! (PAUSE)
You lost 2 mp, and now have 8/13 mp.
MP[+1]
Casting: Poisonous Vapours (safe; 1% risk of failure)
Confirm with . or Enter, or press ? or * to list all spells.
You begin to radiate toxic energy.
Joseph looks as sick as possible! x2
Joseph shoots a sling bullet.
The sling bullet misses you.
HP[+1] MP[-3]
You lost 3 mp, and now have 6/13 mp.
You see here a +0 rapier {short}.
Your toxic aura wanes.
MP[+1] MP[+1] Joseph shoots a sling bullet.
The sling bullet hits you!
* * * LOW HITPOINT WARNING * * *
The sling bullet freezes you.
* * * LOW HITPOINT WARNING * * *
HP[-10]
You take 10 damage, and now have 29/66 hp.
HP[+1] MP[+1]
Casting: Olgreb's Toxic Radiance (dangerous; 3% risk of failure)
Confirm with . or Enter, or press ? or * to list all spells.
You begin to radiate toxic energy.
Joseph looks as sick as possible!
Joseph shoots a sling bullet.
The sling bullet hits you!!
* * * LOW HITPOINT WARNING * * *
The sling bullet freezes you.
* * * LOW HITPOINT WARNING * * *
HP[-24] MP[-4]
You take 24 damage, and now have 6/66 hp.
MASSIVE DAMAGE!! (PAUSE)
You lost 4 mp, and now have 5/13 mp.
Your toxic aura wanes.
MP[+1]
A howler monkey comes into view.
The howler monkey hoots and howls with incredible vigour!
The howler monkey moves out of view.
MP[+1]
You feel much better.
Joseph shoots a sling bullet.
The sling bullet misses you.
HP[+23]
You regained 23 hp, and now have 29/66 hp.
Joseph shoots a sling bullet.
The sling bullet misses you.
MP[+1]
Casting: Olgreb's Toxic Radiance (dangerous; 3% risk of failure)
Confirm with . or Enter, or press ? or * to list all spells.
You begin to radiate toxic energy.
Joseph looks as sick as possible!
Joseph shoots a sling bullet.
The sling bullet hits you!
* * * LOW HITPOINT WARNING * * *
The sling bullet freezes you.
* * * LOW HITPOINT WARNING * * *
HP[-19] MP[-4]
You take 19 damage, and now have 10/66 hp.
MASSIVE DAMAGE!! (PAUSE)
You lost 4 mp, and now have 4/13 mp.
Joseph looks as sick as possible!
The howler monkey is poisoned.
The howler monkey hoots and howls with incredible vigour!
Joseph shoots a sling bullet.
The sling bullet hits you!
You die...
Your body crumbles into a pile of gold.

Skill      XL: |  1  2  3  4  5  6  7  8  9 |
---------------+----------------------------+-----
Poison Magic   | 4 5 6 7 8 9 |  9.0
Stealth        | 3 5 |  5.0
Translocations | 4 5 |  5.0
Fighting       | 4 5 |  5.0
Dodging        | 5 |  5.0
Air Magic      | 5 |  5.2
Transmutations | 5 |  5.1
Spellcasting   | |  2.4

Action                   |  1- 3 |  4- 6 |  7- 9 | 10-12 || total
-------------------------+-------+-------+-------+-------++-------
Melee: Unarmed           |     3 |       |       |       ||     3
       Dagger            |    21 |    37 |    53 |       ||   111
       Constrict         |    10 |     5 |    11 |       ||    26
       Tentacles         |     6 |     9 |    12 |       ||    27
       Whip              |       |       |     5 |       ||     5
       Punch             |       |       |     2 |       ||     2
 Cast: Sting             |    35 |     2 |    44 |       ||    81
       Poisonous Vapours |    21 |    51 |    11 |     1 ||    84
       Olgreb's Toxic Ra |       |    11 |    81 |     4 ||    96
Evoke: Wand              |       |       |     4 |       ||     4
  Use: Scroll            |       |       |    14 |       ||    14
       Potion            |       |       |     3 |     1 ||     4
 Stab: Sleeping          |       |     2 |       |       ||     2
Armor: Skin              |     1 |     1 |     2 |       ||     4
Dodge: Dodged            |    19 |    26 |    68 |     4 ||   117

Levels and vault maps discovered:
D:1:      kennysheep_arrival_forest, layout_loops_corners
D:2:      layout_basic, shapermc_ecumenical_altar_mp_urbaneastern,
          small_statue_intersection
D:3:      layout_loops_ring, minitemple, uniq_crazy_yiuf_cottage
D:4:      layout_basic, nicolae_ru_sacrificial_ziggurat,
          minmay_temple_entry_drinking_statues, uniq_robin, uniq_natasha
D:5:      layout_rooms, mainiacjoe_overflow_alcove_1,
          chequers_temple_overflow_statue_of_worship, serial_glass,
          glass_columns_a, glass_columns_b, ebering_ghost_sewer_f,
          kennysheep_small_circle
D:6:      layout_loops_ring, nicolae_tso_carved_into_rock, okawaru_trees_2
D:7:      layout_cave_pools, nzn_wu_jian_council_hall, enter_bailey_5,
          kennysheep_nondescript, uniq_joseph, uniq_prince_ribbit1, uniq_maggie
Temple:   bh_familiar_temple

Notes
Turn   | Place    | Note
-------+----------+-------------------------------------------
     0 | D:1      | zeratav the Octopode Venom Mage began the quest for the
                  | Orb.
     0 | D:1      | Reached XP level 1. HP: 11/11 MP: 3/3
     0 | D:1      | magus.rc [v1.9.6]
   139 | D:1      | You pick up a book of Misfortune and begin reading...
   139 | D:1      | You add the spells Confusing Touch, Yara's Violent
                  | Unravelling and Enfeeble to your library.
   167 | D:1      | Reached skill level 4 in Poison Magic
   336 | D:1      | Reached XP level 2. HP: 17/17 MP: 1/5
   995 | D:1      | Reached XP level 3. HP: 21/21 MP: 3/6
  1234 | D:1      | Reached skill level 5 in Poison Magic
  1374 | D:2      | Learned a level 2 spell: Poisonous Vapours
  2154 | D:2      | Found a faded altar of an unknown god.
  2408 | D:3      | You add the spells Malign Gateway and Summon Horrible
                  | Things to your library.
  2433 | D:3      | Reached XP level 4. HP: 27/27 MP: 0/7
  2663 | D:3      | You add the spells Blink, Manifold Assault and Storm Form
                  | to your library.
  2751 | D:3      | Reached skill level 3 in Stealth
  2751 | D:3      | Reached skill level 6 in Poison Magic
  3097 | D:3      | Found a shimmering altar of Xom.
  3159 | D:3      | Found a blossoming altar of Fedhas.
  3163 | D:3      | Found a shadowy altar of Dithmenos.
  3291 | D:3      | Found a runed translucent door.
  3292 | D:3      | Noticed Crazy Yiuf
  3576 | D:3      | Killed Crazy Yiuf
  3577 | D:3      | Reached XP level 5. HP: 11/31 MP: 3/8
  3896 | D:4      | Reached skill level 4 in Stealth
  4105 | D:4      | Learned a level 4 spell: Olgreb's Toxic Radiance
  4114 | D:4      | Noticed Natasha
  4125 | D:4      | Killed Natasha
  4280 | D:4      | Reached skill level 5 in Stealth
  4280 | D:4      | Reached skill level 7 in Poison Magic
  4280 | D:4      | Reached XP level 6. HP: 10/36 MP: 0/9
  4632 | D:4      | Noticed Robin
  4638 | D:4      | Killed Robin
  4729 | D:4      | Noticed a black bear
  4747 | D:4      | Killed a black bear
  4748 | D:4      | Reached skill level 8 in Poison Magic
  4823 | D:4      | Found a staircase to the Ecumenical Temple.
  4831 | Temple   | Entered the Ecumenical Temple
  5028 | Temple   | Became a worshipper of Gozag Ym Sagoz the Greedy
  5129 | D:4      | You pick up a book of Flames and begin reading...
  5129 | D:4      | You add the spells Foxfire, Conjure Flame, Inner Flame and
                  | Flame Wave to your library.
  5242 | D:4      | Found a sacrificial altar of Ru.
  5269 | D:4      | Noticed Natasha
  5274 | D:4      | Killed Natasha
  5642 | D:4      | Noticed Natasha
  5651 | D:4      | Killed Natasha
  5652 | D:4      | Reached XP level 7. HP: 22/41 MP: 4/10
  5912 | D:5      | Entered Level 5 of the Dungeon
  6037 | D:5      | Reached skill level 9 in Poison Magic
  6211 | D:5      | Found a burning altar of Makhleb.
  6216 | D:5      | Reached skill level 1 in Translocations
  6225 | D:5      | Found a hide-covered altar of Uskayaw.
  6310 | D:5      | Found a radiant altar of Vehumet.
  6336 | D:5      | Found a runed translucent door.
  6354 | D:5      | Noticed zhov's ghost (novice DsHu)
  6375 | D:5      | Identified a +0 robe of the Archmagi
  6379 | D:5      | Reached skill level 2 in Translocations
  6440 | D:5      | Found a runed translucent door.
  6536 | D:5      | You add the spells Gell's Gravitas, Teleport Other and
                  | Dispersal to your library.
  6854 | D:6      | Noticed a hornet
  6872 | D:6      | Killed a hornet
  6873 | D:6      | Reached skill level 4 in Translocations
  6873 | D:6      | Reached XP level 8. HP: 46/46 MP: 1/11
  7204 | D:6      | Reached skill level 5 in Translocations
  7222 | D:6      | Reached skill level 1 in Fighting
  7434 | D:6      | You pick up a book of Storms and begin reading...
  7434 | D:6      | You add the spells Airstrike, Summon Lightning Spire and
                  | Lightning Bolt to your library.
  7438 | D:6      | Learned a level 2 spell: Blink
  7465 | D:6      | Found an iron altar of Okawaru.
  7645 | D:7      | Noticed Prince Ribbit
  7656 | D:7      | Killed Prince Ribbit
  7657 | D:7      | Reached skill level 2 in Fighting
  7657 | D:7      | Reached skill level 3 in Dodging
  7774 | D:7      | Reached skill level 3 in Fighting
  7804 | D:7      | Noticed Maggie
  7816 | D:7      | Reached skill level 4 in Dodging
  7850 | D:6      | HP: 12/49 [wight/+3 mace (13)]
  7853 | D:6      | HP: 3/49 [wight/+3 mace (6)]
  7853 | D:6      | HP: 1/47 [wight/+3 mace (2)]
  8069 | D:7      | Found a flagged portal.
  8077 | D:7      | Noticed Joseph
  8079 | Bailey   | Entered a bailey
  8282 | Bailey   | Reached skill level 4 in Fighting
  8339 | Bailey   | Reached skill level 5 in Dodging
  8339 | Bailey   | Reached XP level 9. HP: 35/59 MP: 0/12
  8490 | Bailey   | Reached skill level 5 in Fighting
  8491 | Bailey   | Reached skill level 1 in Air Magic
  8540 | Bailey   | Reached skill level 2 in Transmutations
  8583 | Bailey   | Identified the +3 chain mail of Baxuet {-Tele rPois Dex+6
                  | Stlth+}
  8603 | Bailey   | Reached skill level 2 in Air Magic
  8776 | Bailey   | Reached skill level 3 in Transmutations
  8839 | Bailey   | Reached skill level 3 in Air Magic
  9154 | Bailey   | Reached skill level 4 in Transmutations
  9187 | Bailey   | Reached skill level 4 in Air Magic
  9444 | D:7      | Killed Maggie
  9675 | D:6      | HP: 14/61 [phantom (7)]
  9677 | D:6      | Reached skill level 5 in Transmutations
  9933 | D:7      | Reached skill level 5 in Air Magic
  9995 | D:7      | Reached XP level 10. HP: 50/66 MP: 3/13
 10098 | D:7      | HP: 11/66 [Joseph/sling bullet (19)]
 10104 | D:7      | HP: 12/66 [Joseph/sling bullet (17)]
 10105 | D:7      | Shot with a sling bullet by Joseph

Vanquished Creatures
  Maggie (D:7)
  A hornet (D:6)
  Prince Ribbit (D:7)
  A water moccasin (D:6)
  A black bear (D:4)
  An ice beast (D:6)
  6 wolves (Bailey)
  A centaur (D:7)
  A kobold brigand (D:7)
  A phantom (D:6)
  8 gnoll sergeants (Bailey)
  2 scorpions
  2 wights
  A howler monkey (D:5)
  3 hounds
  A jelly (D:5)
  Crazy Yiuf (D:3)
  6 gnoll boudas
  An iguana (D:4)
  4 orc wizards
  Natasha (thrice) (D:4)
  Robin (D:4)
  16 gnolls
  2 adders
  A white imp (D:7)
  An ufetubus (D:5)
  2 worms
  A dart slug (D:5)
  19 orcs
  3 ball pythons
  3 bats
  5 endoplasms
  2 giant cockroaches
  27 goblins
  7 hobgoblins
  8 jackals
  10 kobolds
  A quokka (D:2)
  2 frilled lizards
  5 rats
163 creatures vanquished.

Vanquished Creatures (collateral kills)
  A hound (D:7)
  2 kobolds (D:7)
3 creatures vanquished.

Vanquished Creatures (others)
  4 fungi (D:2)
  4 plants (D:2)
8 creatures vanquished.

Grand Total: 174 creatures vanquished

Table legend:
 A = Non-vault XP
 B = Vault XP
 C = Vault XP percentage of total XP
 D = Non-vault monster count
 E = Vault monster count
 F = Vault count percentage of total count
                 A         B        C        D         E       F
            +---------+---------+-------+---------+---------+-------
      Total |    2077 |    2607 |  55.7 |     113 |      53 |  31.9
            +---------+---------+-------+---------+---------+-------
        D:1 |      36 |       0 |   0.0 |      20 |       0 |   0.0
        D:2 |      36 |       0 |   0.0 |      14 |       0 |   0.0
        D:3 |      78 |      40 |  33.9 |      21 |       1 |   4.5
        D:4 |     406 |      69 |  14.5 |      20 |      14 |  41.2
        D:5 |     273 |       3 |   1.1 |      11 |       1 |   8.3
        D:6 |     725 |       0 |   0.0 |       5 |       0 |   0.0
        D:7 |     523 |     677 |  56.4 |      22 |       6 |  21.4
     Bailey |       0 |    1818 | 100.0 |       0 |      31 | 100.0
            +---------+---------+-------+---------+---------+-------

Illustrated notes

Table legend:
 A = Kills in this place as a percentage of kills in entire the game.
 B = Kills by you in this place as a percentage of kills by you in the entire game.
 C = Kills by friends in this place as a percentage of kills by friends in the entire game.
 D = Other kills in this place as a percentage of other kills in the entire game.
 E = Experience gained in this place as a percentage of experience gained in the entire game.
 F = Experience gained in this place divided by the number of levels of this place that you have seen.
                   A       B       C       D       E      F
               +-------+-------+-------+-------+-------+----------------------
         Total | 100.0 | 100.0 | 100.0 |   N/A | 100.0 | 520.4
       Dungeon |  81.3 |  81.0 | 100.0 |   N/A |  61.2 | 409.4
        Bailey |  18.7 |  19.0 |   0.0 |   N/A |  38.8 | 1818.0
               +-------+-------+-------+-------+-------+----------------------

Table legend: (Time is in decaauts)
 A = Elapsed time spent in this place.
 B = Non-inter-level travel time spent in this place.
 C = Inter-level travel time spent in this place.
 D = Time resting spent in this place.
 E = Time spent auto-exploring this place.
 F = Levels seen in this place.
 G = Mean time per level.
                   A        B        C        D        E       F      G
               +--------+--------+--------+--------+--------+-----+--------+
         Total |  10078 |   9711 |    367 |   3491 |   3496 |   9 | 1119.8 |
       Dungeon |   8513 |   8203 |    310 |   2659 |   3288 |   7 | 1216.1 |
        Temple |    228 |    172 |     56 |      0 |    168 |   1 |  228.0 |
        Bailey |   1335 |   1335 |      0 |    832 |     40 |   1 | 1335.0 |
               +--------+--------+--------+--------+--------+-----+--------+

Top non-repeatable levels by time:
     D:4: 2026 daAuts
     D:3: 1611 daAuts
     D:6: 1480 daAuts
     D:1: 1365 daAuts
  Bailey: 1335 daAuts
     D:2: 885 daAuts
     D:5: 629 daAuts
     D:7: 514 daAuts
  Temple: 228 daAuts
